Map: Ruins of Seras

Players

Xaoras

  • Race: Zerg Zerg
  • League: Diamond

EJK - Winner!

  • Race: Terran Terran
  • League: Diamond

VOD

Have the link to the VOD?

Description

Time

  • Played on: Nov. 13, 2015, 1:02 p.m.
  • Length: 17:13
Show
View Real Time Build Order
Export as new Build Order

Xaoras Zerg 

Build Orders: Hatch First 

Get SALT Encoding   

  12  0:01  Drone  
  13  0:09  Drone  
  14  0:17  Drone, Extractor  
  15  0:42  Hatchery  
  14  0:55  Spawning Pool  
  13  0:57  Drone  
  13  1:04  Drone, Extractor  
  14  1:07  Extractor  
  14  1:10  Drone  
  14  1:15  Overlord  
  16  1:35  Drone x2  
  18  1:43  Queen  
  18  1:44  Drone  
  21  1:51  Drone  
  21  1:54  Drone, Queen  
  25  2:02  Overlord  
  25  2:07  Drone  
  26  2:14  Drone  
  27  2:16  Drone  
  28  2:26  Drone x2  
  30  2:31  Hatchery  
  29  2:39  Queen  
  29  2:40  Drone  
  29  2:41  Drone  
  33  2:48  Queen  
  35  2:52  Overlord  
  35  2:56  Drone  
  36  3:06  Roach Warren, Extractor  
  36  3:07  Drone x2, Extractor  
  36  3:09  Drone  
  36  3:16  Drone x3  
  36  3:18  Drone  
  41  3:20  Drone  
  41  3:23  Drone  
  42  3:37  Overlord, Drone x2  
  44  3:43  Queen  
  44  3:45  Drone  
  44  3:47  Drone x3  
  50  4:00  Drone x6  
  50  4:01  Drone  
  57  4:06  Drone  
  58  4:11  Evolution Chamber x2  
  56  4:22  Roach  
  56  4:23  Overlord  
  58  4:30  Overlord  
  58  4:34  Extractor  
  58  4:35  Extractor  
  58  4:36  Drone x2  
  58  4:37  Overlord  
  58  4:39  Zerg Missile Weapons Level 1, Zerg Ground Armor Level 1  
  58  4:42  Overlord, Drone  
  58  4:43  Drone x5  
  64  4:46  Lair  
  64  4:50  Spore Crawler  
  63  4:56  Roach  
  65  5:13  Roach x4, Zergling x2  
  70  5:23  Overlord  
  70  5:24  Drone x3  
  70  5:25  Drone x2  
  70  5:26  Drone  
  76  5:29  Roach x3  
  82  5:43  Drone x3  
  82  5:44  Extractor x2  
  83  5:51  Drone x3  
  83  5:53  Drone x3  
  88  6:08  Roach x5  
  96  6:19  Overlord, Queen  
  96  6:22  Roach x2  
  96  6:23  Overlord  
  96  6:24  Overlord x2  
  98  6:32  Glial Reconstitution  
  98  6:34  Zerg Ground Armor Level 2, Zerg Missile Weapons Level 2  
  98  6:36  Overlord  
  98  6:38  Overlord x2  
  98  6:43  Roach x6  
  98  6:44  Roach x2  
  112  6:51  Roach x3  
  112  6:52  Roach x2  
  118  6:55  Hatchery  
  117  7:08  Roach x7  
  127  7:17  Roach x2  
  127  7:20  Pneumatized Carapace  
  131  7:26  Roach x3  
  137  7:33  Drone  
  137  7:34  Drone  
  139  7:41  Hatchery  
  138  7:44  Ravager x3  
  138  7:45  Ravager  
  138  7:47  Roach x7  
  151  7:58  Drone x3  
  151  7:59  Drone  
  151  8:00  Overlord x3  
  144  8:10  Roach x4  
  144  8:18  Infestation Pit, Roach x9  
  167  8:27  Roach x4  
  153  8:39  Roach x5  
  153  8:49  Roach x7  
  163  9:01  Roach x5  
  169  9:07  Roach x2  
  153  9:20  Roach x11  
  153  9:24  Pathogen Glands, Queen  
  171  9:32  Ravager x4  
  171  9:33  Roach  
  171  9:34  Overlord  
  177  9:50  Roach x7  
  161  10:05  Roach x12  
  140  10:21  Overlord  
  140  10:22  Zergling x2, Extractor x2  
  140  10:23  Zergling x10  
  128  10:37  Infestor x3  
  128  10:39  Roach x3  
  133  10:50  Roach x10  
  133  10:55  Hatchery  
  152  11:02  Metabolic Boost  
  150  11:05  Roach x6  
  150  11:20  Roach x3  
  150  11:21  Roach x4  
  164  11:34  Roach  
  164  11:35  Overlord x3  
  162  11:50  Roach x7  
  168  11:59  Roach x2  
  148  12:11  Roach x11  
  144  12:23  Ravager x2  
  144  12:24  Ravager x3  
  149  12:33  Burrow  
  149  12:35  Infestor x2  
  153  12:38  Zergling x22  
  152  12:53  Roach x3  
  152  12:56  Zergling x2  
  152  12:58  Zergling x20  
  159  12:59  Zergling x4  
  161  13:17  Ravager x8  
  161  13:19  Zergling x12  
  175  13:26  Zerg Melee Weapons Level 1  
  175  13:27  Hatchery  
  175  13:31  Roach x4  
  152  14:07  Roach x18  
  170  14:14  Ravager x4  
  163  14:17  Roach x2  
  163  14:23  Roach x22  
  162  14:25  Zergling x18  
  146  14:45  Roach x6  
  132  14:55  Roach x4  
  91  15:37  Roach x20  
  131  15:45  Ravager x3  
  131  15:46  Ravager x5  
  131  15:49  Roach x6, Zergling x2  
  152  15:50  Zergling x16  
  160  16:05  Roach x4, Zergling x10  
  169  16:32  Roach x6  
  133  16:47  Roach x5  
  133  16:48  Roach x8, Zergling x2  
Show
View Real Time Build Order
Export as new Build Order

EJK Terran - Winner!

Build Orders: Command Center First (CC) 

Get SALT Encoding   

  12  0:01  SCV  
  13  0:13  SCV  
  14  0:18  Supply Depot  
  14  0:25  SCV  
  15  0:39  SCV  
  16  0:51  SCV  
  17  1:03  Command Center  
  17  1:05  SCV  
  17  1:09  Refinery  
  18  1:17  SCV  
  19  1:25  Barracks  
  19  1:29  SCV  
  20  1:39  Refinery  
  20  1:41  SCV  
  21  1:53  SCV  
  22  2:12  Orbital Command  
  22  2:13  Reaper  
  23  2:16  Factory  
  23  2:24  Orbital Command  
  23  2:37  Factory  
  23  2:38  SCV  
  24  2:45  Barracks Reactor  
  24  2:52  SCV x2  
  26  2:59  Supply Depot  
  26  3:04  SCV x2  
  28  3:13  Bunker  
  28  3:16  SCV x2  
  30  3:24  Factory Tech Lab  
  30  3:27  Hellion x2  
  30  3:29  SCV x2  
  36  3:41  SCV x2  
  36  3:45  Supply Depot  
  36  3:47  Cyclone  
  41  3:49  Hellion x2  
  41  3:54  Supply Depot  
  45  4:01  Infernal Pre-Igniter  
  45  4:07  SCV  
  45  4:08  SCV  
  47  4:10  Supply Depot  
  47  4:12  Hellion x2  
  51  4:19  Cyclone  
  51  4:23  SCV x2  
  56  4:34  Command Center  
  56  4:37  SCV x2  
  58  4:42  Supply Depot, Barracks Tech Lab  
  58  4:45  Factory  
  58  4:46  Refinery  
  58  4:47  Refinery  
  58  4:50  SCV x2  
  60  5:02  Cyclone  
  60  5:03  SCV x2, Hellion  
  60  5:05  Hellion  
  67  5:15  SCV  
  67  5:16  SCV  
  67  5:26  Hellion x2  
  67  5:28  SCV x2  
  73  5:40  Supply Depot, Cyclone  
  76  5:45  SCV  
  76  5:46  Supply Depot, Cyclone  
  76  5:47  Hellion  
  76  5:48  SCV, Hellion  
  85  5:52  Mag-Field Accelerator  
  85  5:55  Refinery x2  
  83  6:04  SCV x2  
  85  6:12  Orbital Command  
  85  6:14  Cyclone  
  85  6:15  Hellion x2  
  85  6:16  SCV  
  85  6:18  Cyclone  
  95  6:29  SCV x2  
  95  6:31  Engineering Bay  
  97  6:35  Supply Depot x2  
  97  6:39  Factory  
  97  6:43  SCV x3  
  97  6:44  Factory  
  100  6:49  Cyclone  
  101  6:55  Cyclone  
  101  6:56  SCV  
  105  7:05  Hellion  
  105  7:06  Hellion  
  109  7:09  SCV x3  
  112  7:20  Armory  
  112  7:21  SCV x3  
  115  7:26  Supply Depot  
  115  7:29  Factory Tech Lab, Factory Reactor  
  118  7:30  Cyclone x2  
  118  7:31  Hellion  
  118  7:33  Hellion  
  123  7:51  Command Center  
  123  7:54  Cyclone  
  123  7:55  Hellion x2  
  130  8:00  Supply Depot  
  130  8:02  Supply Depot, Cyclone x2  
  119  8:14  Hellion x2  
  119  8:17  Hellion  
  125  8:20  Terran Vehicle Weapons Level 1  
  125  8:22  Supply Depot  
  125  8:26  Supply Depot, Cyclone  
  128  8:32  Hellion  
  128  8:34  Cyclone x2  
  126  8:36  Hellion x2  
  126  8:38  Hellion  
  130  8:47  Barracks Reactor  
  130  8:50  Starport  
  130  8:58  Cyclone  
  125  9:03  Hellion x4  
  125  9:06  Cyclone x2  
  130  9:20  SCV x2  
  130  9:21  Planetary Fortress  
  129  9:25  SCV  
  129  9:30  Cyclone  
  131  9:32  SCV x2  
  133  9:41  Cyclone x2  
  135  9:46  Hellion x3  
  135  9:47  Hellion  
  136  9:56  Refinery  
  136  9:57  Refinery  
  132  10:02  Cyclone  
  135  10:07  Hellion x2  
  135  10:08  Hellion x2  
  135  10:13  Cyclone  
  133  10:19  Terran Vehicle Weapons Level 2  
  133  10:20  Armory  
  133  10:21  SCV x3  
  133  10:26  Liberator x2  
  130  10:35  Command Center, Cyclone  
  133  10:48  Cyclone  
  142  10:54  Hellion  
  142  10:55  Hellion x2  
  148  11:04  Cyclone  
  148  11:07  Cyclone  
  148  11:09  Liberator x2  
  145  11:12  Hellion  
  145  11:16  Hellion x3  
  153  11:31  Cyclone  
  156  11:33  Hellion  
  156  11:36  Cyclone  
  156  11:37  Terran Vehicle And Ship Armor Level 1, Hellion x2  
  156  11:38  Hellion  
  161  11:58  Cyclone  
  161  12:00  Hellion x3  
  161  12:01  Hellion  
  161  12:03  Cyclone  
  160  12:08  Cyclone  
  161  12:18  Liberator  
  161  12:19  Liberator  
  161  12:22  Hellion x4  
  166  12:30  Cyclone  
  166  12:35  Cyclone  
  166  12:37  Refinery  
  178  12:38  Terran Ship Weapons Level 1  
  178  12:40  Refinery, Missile Turret  
  178  12:41  Starport, Fusion Core  
  174  12:50  Starport  
  174  12:55  Cyclone  
  174  12:57  Hellion x3  
  183  13:26  Starport Tech Lab  
  183  13:29  Behemoth Reactor  
  183  13:31  Planetary Fortress  
  183  13:33  Starport Tech Lab  
  183  13:35  Cyclone x2  
  183  13:38  Hellion  
  183  13:41  Liberator  
  187  13:42  Liberator  
  187  13:53  Hellion  
  187  13:57  Hellion x2  
  187  13:58  Cyclone  
  181  14:05  Hellion  
  181  14:07  Cyclone x2  
  179  14:10  Battlecruiser  
  179  14:15  Hellion  
  179  14:18  Hellion x2  
  171  14:30  Cyclone  
  171  14:39  Cyclone  
  171  14:40  Cyclone  
  170  14:57  Command Center  
  159  15:02  Cyclone  
  159  15:04  Battlecruiser  
  157  15:11  Cyclone  
  157  15:12  Cyclone  
  163  15:19  Battlecruiser  
  169  15:58  Starport  
  169  15:59  Starport  
  169  16:00  Command Center  
  169  16:01  Command Center  
  169  16:21  Cyclone  
  169  16:22  Cyclone x2  
  164  16:45  Starport Tech Lab x2  
Tags
 
Add a new tag
Caveats
  • Supply blocks, unpowered buildings, or Contaminate may cause inaccurate times.
  • Supply counts are checked every 10 seconds.